 Dungeon Crawl Stone Soup version 0.21.1-1-g345015fe64 (webtiles) character file.

424 Mrkan the Chopper (level 6, -2/57 HPs)
             Began as a Hill Orc Monk on May 6, 2018.
             Was a Believer of Beogh.
             Slain by a water moccasin (6 damage)
             ... on level 6 of the Dungeon.
             The game lasted 00:11:12 (4744 turns).

Mrkan the Chopper (Hill Orc Monk)                   Turns: 4744, Time: 00:11:13

Health: -2/57      AC: 12    Str: 21    XL:     6   Next: 96%
Magic:  6/6        EV:  9    Int: 10    God:    Beogh [**....]
Gold:   128        SH:  6    Dex: 13    Spells: 5/5 levels left

rFire    . . .     SeeInvis +   a - +0 hand axe
rCold    . . .     Gourm    .   (no shield)
rNeg     . . .     Faith    .   f - +0 chain mail
rPois    .         Spirit   .   e - +1 helmet {SInv}
rElec    .         Reflect  +   p - +0 cloak
rCorr    .         Harm     .   (no gloves)
MR       .....                  (no boots)
Stlth    ..........             d - +6 amulet of reflection
HPRegen  0.19/turn              (no ring)
MPRegen  0.10/turn              (no ring)

@: mighty, lethally poisoned (-2 -> -3)
A: no striking features
a: Smiting, Renounce Religion


You were on level 6 of the Dungeon.
You worshipped Beogh.
Beogh was pleased with you.
You were hungry.

You visited 1 branch of the dungeon, and saw 6 of its levels.

You collected 128 gold pieces.

Inventory:

Hand Weapons
 a - a +0 hand axe (weapon)
Armour
 e - a +1 helmet of see invisible (worn)
 f - a +0 chain mail (worn)
 p - a +0 cloak (worn)
Jewellery
 d - a +6 amulet of reflection (around neck)
 h - an uncursed ring of ice
 i - an uncursed ring of magical power
Scrolls
 g - 3 scrolls of identify
 j - 4 scrolls of remove curse
 m - a scroll of fear {unknown}
 r - a scroll of noise {unknown}
 s - a scroll of blinking {unknown}
 u - a scroll of teleportation {unknown}
Potions
 b - a potion of resistance
 k - a potion of might
 l - a potion of cancellation {unknown}
 n - 2 potions of ambrosia {unknown}
 o - 3 potions of lignification
 q - 2 potions of agility {unknown}
 t - 2 potions of heal wounds {unknown}
Comestibles
 c - 8 rations


   Skills:
 + Level 6.0 Fighting
 + Level 6.5 Axes
 + Level 4.1 Armour
 - Level 2.4 Dodging
 - Level 1.5 Stealth


You had 5 spell levels left.
You didn't know any spells.

Dungeon Overview and Level Annotations

Branches:
Dungeon (6/15)             Temple (0/1) D:5

Altars:
Okawaru
Xom

Annotations:
D:4 Sigmund; Tali's ghost, amateur DsBe


Message History

The water moccasin barely misses you.
You barely miss the water moccasin.
The water moccasin is moderately wounded.
The water moccasin bites you.
* * * LOW HITPOINT WARNING * * *
You closely miss the water moccasin.
The water moccasin is moderately wounded.
You feel sick. The water moccasin bites you.
* * * LOW HITPOINT WARNING * * *
The water moccasin bites you.
* * * LOW HITPOINT WARNING * * *
You hit the water moccasin.
The water moccasin is moderately wounded.
The water moccasin completely misses you.
You feel very mighty all of a sudden. You block the water moccasin's attack.
You miss the water moccasin.
The water moccasin is moderately wounded.
You feel sick. The water moccasin bites you.
You die...

##########
#........#
#<.......#
#..$.†...#
###...@S...#
...(........#
..###........#
#...........#
#...........#
#..........##
..........###
..........##
..........#


You could see a water moccasin.

Vanquished Creatures
  A centaur (D:5)
  A bullfrog zombie (D:5)
  A hound (D:6)
  A jelly (D:5)
  A bullfrog skeleton (D:6)
  An iguana (D:6)
  An orc wizard (D:6)
  A worker ant (D:2)
  4 adders
  A shadow imp (D:5)
  An adder skeleton (D:6)
  4 worms
  3 leopard geckos
  6 orcs
  A ball python (D:3)
  2 giant cockroaches (D:1)
  8 goblins
  8 hobgoblins
  4 jackals (D:5)
  12 bats
  2 frilled lizards
  8 kobolds
  6 rats
78 creatures vanquished.

Vanquished Creatures (others)
  An orc priest (D:3)
  2 orcs (D:3)
  A goblin (D:1)
4 creatures vanquished.

Grand Total: 82 creatures vanquished

Notes
Turn   | Place    | Note
-------+----------+-------------------------------------------
     0 | D:1      | Mrkan the Hill Orc Monk began the quest for the Orb.
     0 | D:1      | Reached XP level 1. HP: 19/19 MP: 1/1
   281 | D:1      | Reached XP level 2. HP: 23/27 MP: 2/2
   374 | D:1      | Reached skill level 1 in Armour
   840 | D:2      | Reached XP level 3. HP: 30/33 MP: 3/3
   971 | D:2      | Reached XP level 4. HP: 39/41 MP: 4/4
  1276 | D:2      | Reached skill level 5 in Axes
  1842 | D:2      | Found a shimmering altar of Xom.
  2383 | D:3      | Became a worshipper of Beogh the Brigand
  2383 | D:3      | Reached * piety under Beogh
  2383 | D:3      | Reached ** piety under Beogh
  2402 | D:3      | Reached XP level 5. HP: 15/47 MP: 5/5
  2738 | D:3      | Reached skill level 5 in Fighting
  3468 | D:4      | Noticed Tali's ghost (amateur DsBe)
  3525 | D:5      | Entered Level 5 of the Dungeon
  3929 | D:5      | Found an iron altar of Okawaru.
  3978 | D:5      | Noticed a centaur
  4000 | D:5      | Killed a centaur
  4000 | D:5      | Reached XP level 6. HP: 38/56 MP: 6/6
  4124 | D:5      | Found a staircase to the Ecumenical Temple.
  4594 | D:4      | Noticed Sigmund
  4730 | D:6      | Noticed a water moccasin
  4744 | D:6      | Slain by a water moccasin

Skill      XL: |  1  2  3  4  5  6 |
---------------+-------------------+-----
Armour         | 1 2 3 4 |  4.1
Fighting       | 4 5 6 |  6.0
Axes           | 5 6 |  6.5
Dodging        | |  2.4
Stealth        | |  1.5

Action                   |  1- 3 |  4- 6 || total
-------------------------+-------+-------++-------
Melee: Hand axe          |    87 |   289 ||   376
Invok: Convert to Beogh  |       |     1 ||     1
  Use: Scroll            |       |     9 ||     9
       Potion            |       |     1 ||     1
 Stab: Distracted        |       |     1 ||     1
  Eat: Chunk             |       |     5 ||     5
       Ration            |       |     2 ||     2
Armor: Ring mail         |    45 |     7 ||    52
       Chain mail        |       |   100 ||   100
Dodge: Dodged            |    76 |    85 ||   161
Block: Other             |    30 |    73 ||   103
       Reflection        |       |     2 ||     2
